 Dungeon Crawl Stone Soup version 0.31-a0-217-g58bb5d79cf (webtiles) character file.

Game seed: 9481967571062985010

31 protoss039 the Sneak (level 3, -7/20 HPs)
             Began as a Vampire Enchanter on July 2, 2023.
             Mangled by Natasha (8 damage)
             ... on level 2 of the Dungeon.
             The game lasted 00:02:38 (998 turns).

protoss039 the Sneak (Vampire Enchanter)             Turns: 998, Time: 00:02:38

Health: -7/20      AC:  2    Str:  7    XL:     3   Next: 7%
Magic:  0/6        EV: 12    Int: 17    God:
Gold:   82         SH:  0    Dex: 16    Spells: 1/6 levels left

rFire   . . .        f - +1 dagger (speed)
rCold   + + .        (no shield)
rNeg    + + +        b - +0 robe
rPois   ∞            (no helmet)
rElec   .            (no cloak)
rCorr   .            (no gloves)
SInv    +            (no boots)
Will    .....        (no amulet)
Stlth   +++++        (no ring)
HPRegen 0.00/turn    (no ring)
MPRegen 0.10/turn

%: no passive effects
@: bloodless, inhibited regen, invisible
A: bloodless, fangs 3, see invisible, vampiric 2
a: Bat Form, Revivify


You were on level 2 of the Dungeon.
You visited 1 branch of the dungeon, and saw 2 of its levels.

You collected 82 gold pieces.

Inventory:

Hand Weapons
 f - a +1 dagger of speed (weapon)
Armour
 b - a +0 robe (worn)
Jewellery
 a - a ring of flight
Scrolls
 d - a scroll of identify {unknown}
 e - a scroll of vulnerability {unknown}
 g - a scroll of amnesia {unknown}


   Skills:
 * Level 1.1 Fighting
 + Level 1.7 Short Blades
 + Level 2.5 Dodging
 + Level 4.8 Stealth
 + Level 2.0 Spellcasting
 + Level 4.6 Hexes
 + Level 0.2 Ice Magic


You had one spell level left.
You knew the following spells:

 Your Spells              Type           Power      Damage    Failure   Level
a - Ensorcelled Hibernat  Hex/Ice        20%        N/A       11%         2
b - Confusing Touch       Hex            17%        N/A       9%          3

Your spell library contained the following spells:

 Spells                   Type           Power      Damage    Failure   Level
 Summon Small Mammal      Summ           4%         N/A       19%         1
 Tukima's Dance           Hex            17%        N/A       9%          3
 Dazzling Flash           Conj/Hex       18%        N/A       22%         3
 Summon Guardian Golem    Hex/Summ       9%         N/A       22%         3
 Call Canine Familiar     Summ           1%         N/A       50%         3


Dungeon Overview and Level Annotations

Branches:
Dungeon (2/15) Zot: 11009

Altars:

Annotations:
D:2 Natasha


Innate Abilities, Weirdness & Mutations

You do not regenerate when monsters are visible.
You are frail without blood (-20% HP).
You can heal yourself when you bite living creatures.
You are immune to poison.
You have razor-sharp teeth.
You have supernaturally acute eyesight. (SInv)
You are afflicted with vampirism and can become a bat while bloodless.


Message History

Natasha closely misses you.
You hit Natasha.
Natasha is moderately wounded.
Natasha claws you.
Casting: Ensorcelled Hibernation (safe; 11% risk of failure)
Confirm with . or Enter, or press ? or * to list all spells.
Aiming: Ensorcelled Hibernation (safe; 11% risk of failure)
Press: ? - help, Shift-Dir - straight line, f/p - Natasha
Aim: Natasha (moderately wounded, chance to affect: 44%) Natasha resists with some effort.
Natasha closely misses you.
Unknown command.
Casting: Ensorcelled Hibernation (safe; 11% risk of failure)
Confirm with . or Enter, or press ? or * to list all spells.
Aiming: Ensorcelled Hibernation (safe; 11% risk of failure)
Press: ? - help, Shift-Dir - straight line, f/p - Natasha
Aim: Natasha (moderately wounded, chance to affect: 44%) Natasha resists with some effort.
Natasha casts a spell.
Unknown command.
Natasha attacks as you move away! Natasha closely misses you.
The cerulean imp hits you from afar with a +2 spear.
* * * LOW HITPOINT WARNING * * *
You fade into invisibility!
Natasha barely misses you.
The cerulean imp hits you from afar with a +2 spear.
* * * LOW HITPOINT WARNING * * *
Unknown command.
Unknown command.
You hit Natasha.
Natasha is moderately wounded.
Natasha claws you but does no damage.
Unknown command.
You barely miss Natasha.
Natasha is moderately wounded.
The cerulean imp barely misses you.
Unknown command.
You barely miss Natasha.
Natasha is moderately wounded.
Natasha claws you!
You die...

######.#.#####
#.............
#.##......####
#..#....# #.##....#
#..###'##....#
#.$........##.#
#.[........# .# .
#.........@##+#...(
##..###+###h.......
#.. #.5.....# ...
#.......# .>
#.......# ###+#####


You could see Natasha and a cerulean imp (summoned, unable to see you).

Vanquished Creatures
  2 bats (D:1)
  2 endoplasms (D:1)
  A giant cockroach (D:1)
  5 goblins (D:1)
  3 hobgoblins (D:1)
  4 ball pythons (D:1)
  3 frilled lizards (D:1)
  6 kobolds
  2 rats (D:1)
28 creatures vanquished.

Notes
Turn   | Place    | Note
-------+----------+-------------------------------------------
     0 | D:1      | protoss039 the Vampire Enchanter began the quest for the
                  | Orb.
     0 | D:1      | Reached XP level 1. HP: 13/13 MP: 3/3
   192 | D:1      | Reached XP level 2. HP: 15/16 MP: 5/5
   227 | D:1      | Learned a level 2 spell: Ensorcelled Hibernation
   519 | D:1      | Reached skill level 1 in Fighting
   706 | D:1      | Gained mutation: You are afflicted with vampirism and can
                  | become a bat while bloodless. [Vampire growth]
   706 | D:1      | Reached XP level 3. HP: 13/20 MP: 3/6
   888 | D:2      | Learned a level 3 spell: Confusing Touch
   985 | D:2      | Noticed Natasha
   995 | D:2      | HP: 1/20 [cerulean imp/+2 spear[Natasha] (4)]
   998 | D:2      | Mangled by Natasha

Illustrated notes

Levels and vault maps discovered:
D:1:      heliophobic_arrival_enchanted_forest, layout_loops_ring, fountainhead,
          minmay_small_reverse_x
D:2:      layout_basic, uniq_natasha

Skill      XL: |  1  2 |
---------------+-------+-----
Fighting       | 1 |  1.1
Short Blades   | |  1.7
Dodging        | |  2.5
Stealth        | |  4.8
Spellcasting   | |  2.0
Hexes          | |  4.6
Ice Magic      | |  0.2

Action                     || total
---------------------------++-------
  Melee: Dagger            ||    58
         Bite              ||     3
   Cast: Ensorcelled Hiber ||     9
Ability: Exsanguinate      ||     1
    Use: Potion            ||     2
   Stab: Sleeping          ||    17
         Invisible         ||     3
 Armour: Robe              ||     7
  Dodge: Dodged            ||    50

Table legend: (Time is in decaauts)
 A = Elapsed time spent in this place.
 B = Non-inter-level travel time spent in this place.
 C = Inter-level travel time spent in this place.
 D = Time resting spent in this place.
 E = Time spent auto-exploring this place.
 F = Levels seen in this place.
 G = Mean time per level.
                   A        B        C        D        E       F      G
               +--------+--------+--------+--------+--------+-----+--------+
         Total |    990 |    954 |     36 |      0 |    740 |   2 |  495.0 |
       Dungeon |    990 |    954 |     36 |      0 |    740 |   2 |  495.0 |
               +--------+--------+--------+--------+--------+-----+--------+

Top non-repeatable levels by time:
     D:1: 875 daAuts
     D:2: 114 daAuts
